 Dungeon Crawl Stone Soup version 0.26-a0-652-gafc20e3620 (webtiles) character file.

Game seed: 18090559282945076208

93 DogServant the Ruffian (level 4, 44/44 HPs)
             Began as a Troll Monk on Oct 2, 2020.
             Quit the game on level 2 of the Dungeon.
             The game lasted 00:02:35 (1217 turns).

DogServant the Ruffian (Troll Monk)                 Turns: 1217, Time: 00:02:36

Health: 44/44      AC:  6    Str: 19    XL:     4   Next: 36%
Magic:  3/3        EV: 11    Int:  6    God:
Gold:   107        SH:  0    Dex: 13    Spells: 3/3 levels left

rFire    . . .     SeeInvis .     - Unarmed
rCold    . . .     Faith    .   (no shield)
rNeg     . . .     Spirit   .   a - +0 robe
rPois    .         Reflect  .   (helmet restricted)
rElec    .         Harm     .   (no cloak)
rCorr    .         Rampage  .   (gloves unavailable)
MR       .....                  (boots unavailable)
Stlth    ++........             (no amulet)
HPRegen  0.54/turn              (no ring)
MPRegen  0.08/turn              (no ring)

@: no status effects
A: large, unfitting armour, claws 3, regeneration 1, shaggy fur 1, tough skin 3
a: no special abilities


You were on level 2 of the Dungeon.
You visited 1 branch of the dungeon, and saw 2 of its levels.

You collected 107 gold pieces.

Inventory:

Missiles
 d - 6 boomerangs (quivered)
Armour
 a - a +0 robe (worn)
Jewellery
 m - an uncursed ring of protection from fire
Scrolls
 b - a scroll of teleportation {unknown}
 c - a scroll of noise {unknown}
 f - 2 scrolls of remove curse {unknown}
 g - a scroll of fog {unknown}
 j - a scroll of enchant armour {unknown}
 k - a scroll of magic mapping {unknown}
 n - a scroll of identify {unknown}
Potions
 e - a potion of invisibility {unknown}
 h - a potion of resistance {unknown}
 i - a potion of mutation {unknown}
 l - a potion of curing {unknown}


   Skills:
 - Level 2.5 Fighting
 + Level 3.3 Dodging
 - Level 1.1 Stealth
 + Level 4.1 Unarmed Combat


You had 3 spell levels left.
You didn't know any spells.
Your spell library was empty.

Dungeon Overview and Level Annotations

Branches:
Dungeon (2/15)

Altars:


Innate Abilities, Weirdness & Mutations

You are too large for most types of armour.
You have claws for hands.
Your natural rate of healing is unusually fast.
You are covered in fur. (AC +1)
You have extremely tough skin. (AC +3)


Message History

A frilled lizard is nearby!
You claw the frilled lizard!
You kill the frilled lizard!
No target in view!
No target in view!
A frilled lizard comes into view.
A frilled lizard is nearby!
A frilled lizard is nearby!
The frilled lizard hisses angrily.
The frilled lizard bites you.
You closely miss the frilled lizard. Your claw misses the frilled lizard.
The frilled lizard bites you but does no damage.
You barely miss the frilled lizard. The frilled lizard barely misses you.
You barely miss the frilled lizard. The frilled lizard closely misses you.
You claw the frilled lizard!
You kill the frilled lizard!
No target in view!
No target in view!
No target in view!
Are you sure you want to abandon this character and quit the game? (Confirm with "yes".)

...#.#.#.#.#.#.#.# #.......#.# #
...#.#.#.#.#.#.#)###.###)#....#
#
...#.#.#.#.#.#................#
#
...#.....#.#.........##..#..#.#
#
.(.###.#....<....######.##..#..#
........................ .# .#
..####.#.#.....#.#.#### #
..##.(..)......#.#
..##.#(#.#.##..#@#
..##.#.#.#.##..#†#
...............#.#
#.##.#.#.#.....#.#
#.##.#.........#.#
^....#.#.#######.#
#................#
.......#.######### ######.#.#


There were no monsters in sight!

Vanquished Creatures
  A worker ant (D:2)
  4 worms (D:2)
  2 dart slugs
  A leopard gecko (D:1)
  2 ball pythons
  2 giant cockroaches
  5 goblins
  10 hobgoblins
  3 jackals (D:2)
  7 bats
  5 frilled lizards
  5 kobolds
  3 rats
50 creatures vanquished.

Notes
Turn   | Place    | Note
-------+----------+-------------------------------------------
     0 | D:1      | DogServant the Troll Monk began the quest for the Orb.
     0 | D:1      | Reached XP level 1. HP: 22/22 MP: 0/0
   133 | D:1      | Reached XP level 2. HP: 29/29 MP: 1/1
   575 | D:2      | Reached XP level 3. HP: 36/36 MP: 2/2
   902 | D:2      | Reached skill level 4 in Unarmed Combat
   902 | D:2      | Reached XP level 4. HP: 41/44 MP: 3/3
  1217 | D:2      | Quit the game

Illustrated notes

Levels and vault maps discovered:
D:1:      dpeg_arrival_short_road, layout_loops_ring, minmay_split_cup_small
D:2:      layout_basic

Skill      XL: |  1  2  3 |
---------------+----------+-----
Dodging        | 3 |  3.3
Unarmed Combat | 4 |  4.1
Fighting       | |  2.5
Stealth        | |  1.1

Action                   |  1- 3 |  4- 6 || total
-------------------------+-------+-------++-------
Melee: Unarmed           |    99 |    14 ||   113
       Punch             |     1 |     1 ||     2
Throw: Boomerang         |     3 |       ||     3
 Stab: Sleeping          |     9 |     1 ||    10
       Distracted        |     1 |       ||     1
Armor: Robe              |    44 |     2 ||    46
Dodge: Dodged            |    41 |     8 ||    49

Table legend: (Time is in decaauts)
 A = Elapsed time spent in this place.
 B = Non-inter-level travel time spent in this place.
 C = Inter-level travel time spent in this place.
 D = Time resting spent in this place.
 E = Time spent auto-exploring this place.
 F = Levels seen in this place.
 G = Mean time per level.
                   A        B        C        D        E       F      G
               +--------+--------+--------+--------+--------+-----+--------+
         Total |   1209 |   1199 |     10 |      0 |    923 |   2 |  604.5 |
       Dungeon |   1209 |   1199 |     10 |      0 |    923 |   2 |  604.5 |
               +--------+--------+--------+--------+--------+-----+--------+

Top non-repeatable levels by time:
     D:2: 654 daAuts
     D:1: 555 daAuts
